 Dungeon Crawl Stone Soup version 0.31.0-9-g3a7656b989 (webtiles) character file.

Game seed: 7442862179684260713

8953 HannaPanda the Skirmisher (level 11, -7/105 HPs)
             Began as a Troll Monk on Jan 27, 2024.
             Was a High Priest of Dithmenos.
             Mangled by a vampire mosquito (15 damage)
             ... on level 12 of the Dungeon.
             The game lasted 00:58:55 (7118 turns).

HannaPanda the Skirmisher (Troll Monk)              Turns: 7118, Time: 00:58:56

Health: -7/105     AC:  9    Str: 21    XL:     11   Next: 16%
Magic:  10/10      EV: 17    Int:  6    God:    Dithmenos [*****.]
Gold:   453        SH:  0    Dex: 23    Spells: 10/10 levels left

rFire   + . .        b - +4 broad axe
rCold   + . .        L - orb {mayhem}
rNeg    . . .        H - +2 steam dragon scales
rPois   +            (helmet restricted)
rElec   +            I - scarf of Ozeaggig {shadows, +Blink rElec Dex+4}
rCorr   +            (gloves unavailable)
SInv    .            (boots unavailable)
Will    .....        K - amulet of regeneration
Stlth   +++          k - ring "Myd Ludi" {Fly Dex+3}
HPRegen 1.97/turn    l - +5 ring of evasion
MPRegen 0.12/turn

%: mayhem
@: resistant, flying, wreathed by umbra
A: large, unfitting armour, claws 3, regeneration 1, shaggy fur 1, tough skin 1,
hooves 1, evolution 1
a: Renounce Religion, Evoke Blink, Shadow Step, Shadow Form


You were on level 12 of the Dungeon.
You worshipped Dithmenos.
Dithmenos was extremely pleased with you.
You visited 1 branch of the dungeon, and saw 10 of its levels.
You also visited: Ossuary and Bailey.

You collected 589 gold pieces.
You spent 136 gold pieces at shops.

Inventory:

Hand Weapons
 a - the +7 sling of Ragnarok {freeze, rF+ rN+ Str+3 Dex-3}
   (You found it on level 2 of the Dungeon)

   Str+3:     It affects your strength (+3).
   Dex-3:     It affects your dexterity (-3).
   rF+:       It protects you from fire.
   rN+:       It protects you from negative energy.
 b - a +4 broad axe (weapon)
Missiles
 n - 3 throwing nets
 q - 65 stones (quivered)
Armour
 c - an orb of light
 u - the +0 robe of the Gate {rF++ Str+2 Archmagi}
   (You bought it in a shop on level 3 of the Dungeon)

   Str+2:     It affects your strength (+2).
   rF++:      It greatly protects you from fire.
   Archmagi:  It increases the power of your magical spells.
 H - +2 steam dragon scales (worn)
 I - the scarf of Ozeaggig (worn) {shadows, +Blink rElec Dex+4}
   (You acquired it in a bailey)

   Dex+4:     It affects your dexterity (+4).
   rElec:     It insulates you from electricity.
   +Blink:    It lets you blink.
 L - an orb of mayhem (worn)
Jewellery
 f - a ring of wizardry
 i - a +6 ring of dexterity
 k - the ring "Myd Ludi" (left claw) {Fly Dex+3}
   (You acquired it in a bailey)

   [ring of flight]

   Dex+3:     It affects your dexterity (+3).
   Fly:       It grants you flight.
 l - a +5 ring of evasion (right claw)
 t - an amulet of faith
 v - a ring of ice
 F - a ring of wizardry
 G - a ring of positive energy
 K - an amulet of regeneration (around neck)
Wands
 y - a wand of polymorph (12)
 z - a wand of quicksilver (9)
 A - a wand of charming (18)
 B - a wand of flame (7)
 J - a wand of roots (25)
Scrolls
 e - 5 scrolls of teleportation
 j - a scroll of immolation
 m - a scroll of enchant weapon
 p - 2 scrolls of revelation
Potions
 d - 4 potions of brilliance
 g - a potion of resistance
 h - 4 potions of attraction
 o - a potion of mutation
 r - a potion of degeneration {unknown}
 s - 2 potions of enlightenment
 w - a potion of lignification
 x - a potion of might {unknown}
 C - a potion of haste {unknown}
 D - 2 potions of curing {unknown}
 E - 2 potions of heal wounds {unknown}


   Skills:
 + Level 5.7 Fighting
 + Level 1.5 Axes
 * Level 11.0 Ranged Weapons
 + Level 3.9 Dodging
 - Level 3.9 Unarmed Combat


You had 10 spell levels left.
You didn't know any spells.
Your spell library contained the following spells:

 Spells                   Type           Power      Damage    Failure   Level
 Ignite Poison            Fire/Alch      0%         N/A       99%         4
 Sticky Flame             Fire/Alch      0%         2d4       99%         4
 Ignition                 Fire           0%         3d3       100%        8


Dungeon Overview and Level Annotations

Branches:
Dungeon (9/15)             Temple (0/1) D:4         Ossuary (visited)
 Bailey (visited)
   Lair: D:8-11         Orc: D:9-12

Altars:
Dithmenos
Makhleb
Okawaru
Sif Muna
Uskayaw
Wu Jian
The Shining One

Shops:
D:1 [   D:3 :[=   D:7 :   D:9 *


Innate Abilities, Weirdness & Mutations

You are too large for most types of armour.
You have claws for hands.
Your natural rate of healing is unusually fast.
You are covered in fur. (AC +1)
You have tough skin. (AC +1)
You have large cloven feet.
You have hidden genetic potential.


Message History

The vampire mosquito misses you. The vampire mosquito barely misses you.
The vampire mosquito bites you!
The vampire mosquito draws strength from your injuries!
You closely miss the vampire mosquito.
Your shadow closely misses the vampire mosquito.
The vampire mosquito barely misses you. x2
The vampire mosquito closely misses you. x2
You hit the vampire mosquito.
The vampire mosquito is moderately damaged.
Your shadow hits the vampire mosquito with a broad axe.
The vampire mosquito bites you.
The vampire mosquito draws strength from your injuries!
The vampire mosquito barely misses you. x3; The vampire mosquito bites you!
* * * LOW HITPOINT WARNING * * *
The vampire mosquito draws strength from your injuries!
You slash the vampire mosquito!
The vampire mosquito is heavily damaged.
The vampire mosquito closely misses you.
The vampire mosquito bites you!
* * * LOW HITPOINT WARNING * * *
The vampire mosquito draws strength from your injuries!
The vampire mosquito bites you but does no damage.
The vampire mosquito misses you.
It was a potion of resistance.
You feel protected.
The vampire mosquito completely misses you.
The vampire mosquito closely misses you.
The vampire mosquito bites you.
* * * LOW HITPOINT WARNING * * *
The vampire mosquito draws strength from your injuries!
It was a potion of mutation.
You feel extremely strange.
Your feet thicken and deform.
You feel a hidden potential growing inside you.
The vampire mosquito bites you!
* * * LOW HITPOINT WARNING * * *
The vampire mosquito draws strength from your injuries!
The vampire mosquito completely misses you.
A vampire mosquito comes into view.
The vampire mosquito bites you!
You die...

... #.# .#.. #.#
##y#. ######.#
#...
.......######..
####.......##.#
#..###..##.###
#.. #....y..#
#........#@#.#
#..#.#...#.......
#........#.....##
#................
#.##........#.##
#...###.##.# .. .


You could see a vampire mosquito (wandering) and a neutral vampire mosquito
(fast, strong, frenzied).

Vanquished Creatures
  An orc warlord (Bailey)
  A two-headed ogre (D:8)
  An orc knight (Bailey)
  Joseph (D:8)
  Jeremiah (D:9)
  2 trolls
  9 yaks
  Grum (D:8)
  Eustachio (D:5)
  A steam dragon (D:7)
  2 water moccasins
  A sky beast (D:7)
  4 orc warriors
  4 ice beasts
  A black bear (D:5)
  3 ogres
  4 wolves (D:8)
  5 centaurs
  A phantom (D:4)
  A kobold brigand (D:7)
  3 bullfrogs
  2 scorpions
  6 wights
  2 burial acolytes (Ossuary)
  A howler monkey (D:9)
  A bombardier beetle (D:7)
  3 jellies
  6 orc priests
  4 hounds
  2 iguanas
  Jessica (D:2)
  9 orc wizards
  2 hound zombies (D:4)
  A hound skeleton (D:4)
  11 gnolls
  12 adders
  2 shadow imps
  3 white imps
  3 adder zombies (D:4)
  3 adder skeletons
  3 ribbon worms
  2 dart slugs
  43 orcs
  5 endoplasms
  A giant cockroach (D:3)
  11 goblins
  11 hobgoblins
  4 jackals (D:1)
  20 kobolds
  4 quokkas
  3 ball pythons
  3 bats
  3 hobgoblin skeletons (Ossuary)
  2 kobold skeletons (Ossuary)
  3 orc skeletons (Ossuary)
  6 rats
246 creatures vanquished.

Vanquished Creatures (collateral kills)
  2 yaks (D:9)
2 creatures vanquished.

Vanquished Creatures (others)
  2 orc wizards
  An orc (D:7)
3 creatures vanquished.

Grand Total: 251 creatures vanquished

Notes
Turn   | Place    | Note
-------+----------+-------------------------------------------
     0 | D:1      | HannaPanda the Troll Monk began the quest for the Orb.
     0 | D:1      | Reached XP level 1. HP: 22/22 MP: 0/0
   236 | D:1      | Reached XP level 2. HP: 29/29 MP: 1/1
   337 | D:1      | Found a faded altar of an unknown god.
   449 | D:1      | Found Usaqot's Armour Emporium.
   533 | D:2      | Noticed Jessica
   539 | D:2      | Killed Jessica
   540 | D:2      | Reached XP level 3. HP: 31/36 MP: 2/2
   560 | D:2      | Identified the +7 sling of Ragnarok {freeze, rF+ rN+ Str+3
                  | Dex-3}
   852 | D:2      | Reached XP level 4. HP: 44/44 MP: 3/3
  1042 | D:2      | Reached skill level 1 in Ranged Weapons
  1224 | D:3      | Found Vuowk's Jewellery Shop.
  1227 | D:3      | Found Juka's Distillery.
  1252 | D:3      | Found Puubion's Book Emporium.
  1378 | D:3      | Reached XP level 5. HP: 53/53 MP: 4/4
  1378 | D:3      | Found a shadowy altar of Dithmenos.
  1385 | D:3      | Reached skill level 2 in Ranged Weapons
  1399 | D:3      | Became a worshipper of Dithmenos the Shadowed
  1399 | D:3      | Reached * piety under Dithmenos
  1399 | D:3      | Reached ** piety under Dithmenos
  1407 | D:3      | Found Ymmifi's Antique Armour Emporium.
  1415 | D:3      | Bought a jewelled robe for 136 gold pieces
  1415 | D:3      | Identified the +0 robe of the Gate {rF++ Str+2 Archmagi}
                  | (You bought it in a shop on level 3 of the Dungeon)
  1468 | D:3      | Found a glowing golden altar of the Shining One.
  1939 | D:4      | Noticed a phantom
  1955 | D:4      | Killed a phantom
  1956 | D:4      | Reached XP level 6. HP: 52/61 MP: 5/5
  2004 | D:4      | Found a staircase to the Ecumenical Temple.
  2006 | D:4      | Reached skill level 3 in Ranged Weapons
  2248 | D:4      | Found a sand-covered staircase.
  2263 | Ossuary  | Entered an ossuary
  2339 | Ossuary  | Reached *** piety under Dithmenos
  2410 | Ossuary  | Reached skill level 4 in Ranged Weapons
  2410 | Ossuary  | Reached XP level 7. HP: 64/67 MP: 6/6
  2818 | D:5      | Entered Level 5 of the Dungeon
  3043 | D:5      | Reached skill level 5 in Ranged Weapons
  3079 | D:5      | Found a burning altar of Makhleb.
  3135 | D:5      | Found an ornate altar of the Wu Jian Council.
  3224 | D:5      | Reached XP level 8. HP: 75/75 MP: 7/7
  3316 | D:5      | Reached **** piety under Dithmenos
  3328 | D:5      | Noticed Eustachio
  3335 | D:5      | Killed Eustachio
  3336 | D:5      | Reached skill level 6 in Ranged Weapons
  3922 | D:6      | Reached skill level 7 in Ranged Weapons
  4145 | D:6      | Reached XP level 9. HP: 65/84 MP: 8/8
  4697 | D:7      | Found an iron altar of Okawaru.
  4697 | D:7      | Found a hide-covered altar of Uskayaw.
  4742 | D:7      | Reached skill level 8 in Ranged Weapons
  4885 | D:7      | Reached ***** piety under Dithmenos
  4902 | D:7      | Found Dinad's Book Shop.
  5052 | D:7      | Found a shimmering blue altar of Sif Muna.
  5777 | D:8      | Noticed Joseph
  5795 | D:8      | Killed Joseph
  5796 | D:8      | Reached skill level 9 in Ranged Weapons
  5796 | D:8      | Reached XP level 10. HP: 37/94 MP: 9/9
  5873 | D:8      | Noticed Grum
  5893 | D:8      | Killed Grum
  5897 | D:8      | Reached skill level 5 in Fighting
  5979 | D:8      | Noticed a centaur warrior
  6056 | D:8      | Noticed a two-headed ogre
  6068 | D:8      | Killed a two-headed ogre
  6069 | D:8      | Reached skill level 10 in Ranged Weapons
  6089 | D:8      | Found a flagged portal.
  6102 | Bailey   | Entered a bailey
  6110 | Bailey   | Noticed an orc warlord
  6127 | Bailey   | Noticed an orc knight
  6149 | Bailey   | Killed an orc knight
  6192 | Bailey   | Found a runed translucent gate.
  6195 | Bailey   | Found a runed translucent gate.
  6197 | Bailey   | Found a runed translucent gate.
  6411 | Bailey   | Killed an orc warlord
  6487 | Bailey   | Acquired the ring "Myd Ludi" {Fly Dex+3}
  6488 | Bailey   | Acquired the scarf of Ozeaggig {shadows, +Blink rElec
                  | Dex+4}
  6859 | D:9      | Noticed Jeremiah
  6876 | D:9      | Killed Jeremiah
  6955 | D:9      | Found Tokeurch's Assorted Antiques.
  6985 | D:9      | Reached XP level 11. HP: 98/105 MP: 10/10
  7059 | D:9      | Reached skill level 11 in Ranged Weapons
  7093 | D:9      | You are sucked into a shaft and drop 3 floors!
  7113 | D:12     | Reached skill level 1 in Axes
  7118 | D:12     | Gained mutation: You have large cloven feet. [potion of
                  | mutation]
  7118 | D:12     | Gained mutation: You have hidden genetic potential. [potion
                  | of mutation]
  7118 | D:12     | Mangled by a vampire mosquito

Illustrated notes

Levels and vault maps discovered:
D:1:      lemuel_arrival_muddy, layout_basic, serial_shops, shop,
          hellmonk_ecumenical_altar_blasted, hex_tiny
D:2:      layout_loops_cross, uniq_jessica
D:3:      layout_loops_ring, nicolae_dithmenos_the_darkroom,
          lemuel_doored_altar, serial_shops, nicolae_shop_statue_plus,
          nicolae_shop_just_a_little_nook, nicolae_diamond_shop, shop,
          amcnicky_mini_rare_corridor_liquid
D:4:      layout_basic, minmay_temple_entry_hall,
          mainiacjoe_ossuary_entry_find_the_door
D:5:      layout_loops_corners, makhleb_grotto_becter,
          nicolae_wu_jian_immortal_techniques, uniq_eustachio
D:6:      layout_loops_ring, item_on_display_b
D:7:      layout_basic, led_sif_book, jmf_multi_god_temple, serial_shops, shop
D:8:      layout_layer_cave, enter_bailey_4, hangedman_decor_points,
          onia_ninara_dug_in_and_dangerous, uniq_joseph, uniq_grum
D:9:      layout_gridville, vehumet_altar_wand_db,
          mainiacjoe_overflow_surrounded_room, grunt_lair_entry_orc_guard_hut,
          serial_shops, nicolae_shop_tiny_glass, uniq_jeremiah
D:12:     layout_loops_cross

Skill      XL: |  1  2  3  4  5  6  7  8  9 10 11 |
---------------+----------------------------------+-----
Ranged Weapons | 1 2 4 5 7 9 10 11 | 11.0
Dodging        | 3 |  3.9
Fighting       | 3 4 5 |  5.7
Axes           | 1 |  1.5
Unarmed Combat | |  3.9

Action                     |  1- 3 |  4- 6 |  7- 9 | 10-12 || total
---------------------------+-------+-------+-------+-------++-------
  Melee: Unarmed           |    25 |       |       |       ||    25
         Sling             |       |       |     1 |       ||     1
         Broad axe         |       |       |       |    26 ||    26
   Fire: Sling             |     8 |   163 |   344 |   208 ||   723
Ability: Evoke Blink       |       |       |       |     1 ||     1
    Use: Scroll            |       |       |    10 |     9 ||    19
         Potion            |       |       |       |     4 ||     4
 Armour: Robe              |    22 |    36 |    68 |       ||   126
         Steam dragon scal |       |       |    33 |    87 ||   120
         Skin              |       |       |       |    28 ||    28
  Dodge: Dodged            |    18 |    75 |   110 |   135 ||   338
